 Dungeon Crawl Stone Soup version 0.29-a0-344-ge2f44be95a (webtiles) character file.

Game seed: 13323143229244775689

56 spaghetti the Gusty (level 3, -1/25 HPs)
             Began as a Barachi Air Elementalist on Apr 22, 2022.
             Was a Believer of Cheibriados.
             Slain by an orc
             ... wielding a +0 mace
              (5 damage)
             ... on level 3 of the Dungeon.
             The game lasted 00:03:36 (2387 turns).

spaghetti the Gusty (Barachi Air Elementalist)      Turns: 2387, Time: 00:03:37

Health: -1/25      AC:  3    Str: 14    XL:     3   Next: 97%
Magic:  3/7        EV: 13    Int: 22    God:    Cheibriados [**....]
Gold:   77         SH:  0    Dex: 17    Spells: 7/8 levels left

rFire   + . .      SeeInvis .   e - +0 whip {mace}
rCold   + . .      Faith    .   (no shield)
rNeg    . . .      Spirit   .   a - +0 robe
rPois   .          Reflect  .   E - +0 helmet
rElec   .          Harm     .   n - scarf {rC+ rF+}
rCorr   .          Rampage  .   (no gloves)
Will    .....                   (no boots)
Stlth   ++........              (no amulet)
HPRegen 0.08/turn               (no ring)
MPRegen 0.10/turn               (no ring)

@: brilliant, attractive, very slow
A: amphibious, slowness 1, strong legs 1, +LOS
a: Hop, Renounce Religion, Bend Time


You were on level 3 of the Dungeon.
You worshipped Cheibriados.
Cheibriados was pleased with you.
You visited 1 branch of the dungeon, and saw 3 of its levels.

You collected 77 gold pieces.


Innate Abilities, Weirdness & Mutations

You are amphibious.
You cover ground slowly.
You can hop short distances.
You have an extended range of vision and can be seen from far away.


   Skills:
 + Level 0.7 Fighting
 + Level 0.8 Armour
 + Level 2.4 Dodging
 - Level 1.7 Stealth
 * Level 3.2 Spellcasting
 - Level 1.1 Conjurations
 * Level 3.9 Air Magic
 + Level 0.3 Invocations


You had 7 spell levels left.
You knew the following spells:

 Your Spells              Type           Power      Damage    Failure   Level
a - Shock                 Conj/Air       88%        1d8       4%          1

Your spell library contained the following spells:

 Spells                   Type           Power      Damage    Failure   Level
 Static Discharge         Conj/Air       22%        N/A       6%          2
 Swiftness                Air            31%        N/A       7%          3
 Airstrike                Air            15%        N/A       24%         4
 Inner Flame              Hex/Fire       5%         N/A       36%         3
 Cause Fear               Hex            2%         N/A       77%         4
 Discord                  Hex            2%         N/A       100%        8

Inventory:

Hand Weapons
 e - a +0 whip (weapon) {mace}
   (You found it on level 1 of the Dungeon)
 k - a +0 club {mace}
   (You took it off a kobold on level 1 of the Dungeon)
 l - a +0 dagger {short}
   (You took it off a goblin on level 1 of the Dungeon)
 r - a +0 dagger {short}
   (You took it off a kobold on level 2 of the Dungeon)
 s - a +0 club {mace}
   (You found it on level 2 of the Dungeon)
 u - a +0 club {mace}
   (You took it off a goblin on level 2 of the Dungeon)
 w - a +0 whip {mace}
   (You took it off a kobold on level 2 of the Dungeon)
 x - a +0 club {mace}
   (You took it off a goblin on level 2 of the Dungeon)
 y - a +0 dagger {short}
   (You took it off a kobold on level 2 of the Dungeon)
 z - a +0 club {mace}
   (You took it off a kobold on level 2 of the Dungeon)
 B - a +0 short sword {short}
   (You took it off a kobold on level 2 of the Dungeon)
Missiles
 h - 5 boomerangs {throwing}
 i - 107 stones {throwing}
 D - 4 poisoned darts {throwing}
Armour
 a - a +0 robe (worn)
 n - a scarf of resistance (worn)
   (You found it on level 1 of the Dungeon)
 E - a +0 helmet (worn)
   (You found it on level 3 of the Dungeon)
Scrolls
 c - a scroll of fear {unknown}
 f - 3 scrolls of identify {unknown}
 m - a scroll of immolation {unknown}
 o - 2 scrolls of teleportation {unknown}
 q - 2 scrolls of enchant armour {unknown}
 A - a scroll of brand weapon {unknown}
Potions
 b - a potion of magic
 j - 2 potions of degeneration {unknown}
 p - a potion of heal wounds {unknown}
 t - a potion of curing {unknown}
 v - a potion of might {unknown}
 C - a potion of berserk rage {unknown}

Dungeon Overview and Level Annotations

Branches:
Dungeon (3/15)

Altars:
Cheibriados
Xom

#w#...).........#
#..)#....########
##.......#
#..#.)..#
#..#....# ##
#..).# #...†#
#..o)# #..o@#
######


You could see 2 orcs.


Message History

Unknown command.
You see here a +0 club {mace}.
The orc misses you.
A ball python comes into view.
The orc hits you with a +0 hand axe. 😕 HP[-1]
You take 1 damage, and now have 23/25 hp.
The ball python hisses angrily.
The orc shouts!
You hit the orc. The orc closely misses you.
A dart slug comes into view.
You hit the orc but do no damage. The orc barely misses you.
Okay, then.
The orc misses you.
You see here a +0 club {mace}. 😕 MP[+1]
The orc hits you with a +0 hand axe. 😕 HP[-2]
You take 2 damage, and now have 21/25 hp.
Magic courses through your body. The orc closely misses you. 😕 MP[+6]
Your mp is fully restored (7).
Casting: Shock (safe; 4% risk of failure)
Confirm with . or Enter, or press ? or * to list all spells.
Aiming: Shock (safe; 4% risk of failure)
Press: ? - help, Shift-Dir - straight line, f/p - orc
Aim: an orc, wielding a +0 hand axe and wearing a +0 chain mail (79% to hit)
That beam is likely to hit you.
Continue anyway?
Okay, then.
Casting: Shock (safe; 4% risk of failure)
Confirm with . or Enter, or press ? or * to list all spells.
Aiming: Shock (safe; 4% risk of failure)
Press: ? - help, Shift-Dir - straight line, f - orc, p - orc
Aim: an orc, wielding a +0 mace (71% to hit)
The zap misses the orc.
The zap hits the ball python.
The orc misses you. The orc completely misses you. 😕 MP[-1]
You lost 1 mp, and now have 6/7 mp.
Casting: Shock (safe; 4% risk of failure)
Confirm with . or Enter, or press ? or * to list all spells.
Aiming: Shock (safe; 4% risk of failure)
Press: ? - help, Shift-Dir - straight line, f - ball python, p - orc
Aim: a ball python (heavily wounded, 68% to hit)
The zap hits the orc.
The zap misses the ball python.
The orc hits you with a +0 mace! The orc closely misses you.
The orc completely misses you. 😮 HP[-7] MP[-1]
You take 7 damage, and now have 14/25 hp.
MASSIVE DAMAGE!! (PAUSE)
You lost 1 mp, and now have 5/7 mp.
Casting: Shock (safe; 4% risk of failure)
Confirm with . or Enter, or press ? or * to list all spells.
Aiming: Shock (safe; 4% risk of failure)
Press: ? - help, Shift-Dir - straight line, f/p - ball python
Aim: a ball python (heavily wounded, 68% to hit)
The zap hits the orc.
The zap hits the ball python.
You kill the ball python!
Cheibriados thoroughly appreciates the change of pace.
The orc barely misses you. x2; The orc closely misses you. 😮 MP[-1]
You lost 1 mp, and now have 4/7 mp.
Casting: Shock (safe; 4% risk of failure)
Confirm with . or Enter, or press ? or * to list all spells.
Aiming: Shock (safe; 4% risk of failure)
Press: ? - help, Shift-Dir - straight line That beam is likely to hit you.
Continue anyway? [Y]es or [N]o only, please.
That beam is likely to hit you.
Continue anyway?
Okay, then.
Casting: Shock (safe; 4% risk of failure)
Confirm with . or Enter, or press ? or * to list all spells.
Aiming: Shock (safe; 4% risk of failure)
Press: ? - help, Shift-Dir - straight line, f - orc
Aim: an orc, wielding a +0 short sword (moderately wounded, 71% to hit)
The zap hits the orc.
You kill the orc!
Cheibriados appreciates the change of pace.
The orc hits you with a +0 mace!
* * * LOW HITPOINT WARNING * * *
The orc hits you but does no damage. 😱 HP[-8] MP[-1]
You take 8 damage, and now have 6/25 hp.
MASSIVE DAMAGE!! (PAUSE)
You lost 1 mp, and now have 3/7 mp.
Casting: Shock (safe; 4% risk of failure)
Confirm with . or Enter, or press ? or * to list all spells.
Aiming: Shock (safe; 4% risk of failure)
Press: ? - help, Shift-Dir - straight line That beam is likely to hit you.
Continue anyway?
Okay, then.
It was a potion of attraction.
You feel attractive to monsters. The orc hits you with a +0 mace.
* * * LOW HITPOINT WARNING * * *
The orc misses you. 😱 HP[-2]
You take 2 damage, and now have 4/25 hp.
It was a potion of brilliance.
You feel clever all of a sudden. The orc hits you with a +0 mace.
You die...

Skill      XL: |  1  2 |
---------------+-------+-----
Spellcasting   | 3 |  3.2
Fighting       | |  0.7
Armour         | |  0.8
Dodging        | |  2.4
Stealth        | |  1.7
Conjurations   | |  1.1
Air Magic      | |  3.9
Invocations    | |  0.3

Action                   || total
-------------------------++-------
Melee: Unarmed           ||    32
       Punch             ||     3
       Whip              ||    12
 Cast: Shock             ||    91
  Use: Potion            ||     3
Armor: Robe              ||    11
Dodge: Dodged            ||    50

Levels and vault maps discovered:
D:1:      lightli_arrival_quake, layout_loops_ring,
          shapermc_ecumenical_altar_pompeii
D:2:      layout_loops_cross, basic_altar, minmay_pentomino_o4
D:3:      layout_basic, pf_just_have_faith, mainiacjoe_overflow_alcove_4,
          mainiacjoe_overflow_catwalk, serial_shops, nicolae_shop_behind_doors

Notes
Turn   | Place    | Note
-------+----------+-------------------------------------------
     0 | D:1      | spaghetti the Barachi Air Elementalist began the quest for
                  | the Orb.
     0 | D:1      | Reached XP level 1. HP: 13/13 MP: 3/3
     0 | D:1      | magus.rc [v1.9.6]
   383 | D:1      | Reached XP level 2. HP: 19/19 MP: 2/5
   548 | D:1      | Found a faded altar of an unknown god.
   568 | D:1      | Prayed at the altar of an unknown god.
   568 | D:1      | Became a worshipper of Cheibriados the Contemplative
   568 | D:1      | Reached * piety under Cheibriados
   859 | D:2      | You pick up a book of Hexes and begin reading...
   859 | D:2      | You add the spells Inner Flame, Cause Fear and Discord to
                  | your library.
  1187 | D:2      | Reached skill level 3 in Spellcasting
  1459 | D:2      | Reached XP level 3. HP: 17/24 MP: 3/7
  1563 | D:2      | Found a shimmering altar of Xom.
  1702 | D:2      | Reached ** piety under Cheibriados
  2385 | D:3      | HP: 6/25 [orc/+0 mace (8)]
  2387 | D:3      | Slain by an orc

Vanquished Creatures
  2 worms (D:2)
  6 orcs (D:3)
  3 endoplasms
  A giant cockroach (D:2)
  4 hobgoblins
  3 jackals (D:2)
  7 kobolds
  2 quokkas
  3 ball pythons
  3 bats
  2 frilled lizards (D:2)
  3 goblins
  2 rats
41 creatures vanquished.

Table legend:
 A = Non-vault XP
 B = Vault XP
 C = Vault XP percentage of total XP
 D = Non-vault monster count
 E = Vault monster count
 F = Vault count percentage of total count
                 A         B        C        D         E       F
            +---------+---------+-------+---------+---------+-------
      Total |      77 |       4 |   4.9 |      38 |       3 |   7.3
            +---------+---------+-------+---------+---------+-------
        D:1 |      14 |       0 |   0.0 |       9 |       0 |   0.0
        D:2 |      40 |       4 |   9.1 |      20 |       3 |  13.0
        D:3 |      23 |       0 |   0.0 |       9 |       0 |   0.0
            +---------+---------+-------+---------+---------+-------

Illustrated notes

Table legend:
 A = Kills in this place as a percentage of kills in entire the game.
 B = Kills by you in this place as a percentage of kills by you in the entire game.
 C = Kills by friends in this place as a percentage of kills by friends in the entire game.
 D = Other kills in this place as a percentage of other kills in the entire game.
 E = Experience gained in this place as a percentage of experience gained in the entire game.
 F = Experience gained in this place divided by the number of levels of this place that you have seen.
                   A       B       C       D       E      F
               +-------+-------+-------+-------+-------+----------------------
         Total | 100.0 | 100.0 |   N/A |   N/A | 100.0 |  27.0
       Dungeon | 100.0 | 100.0 |   N/A |   N/A | 100.0 |  27.0
               +-------+-------+-------+-------+-------+----------------------

Table legend: (Time is in decaauts)
 A = Elapsed time spent in this place.
 B = Non-inter-level travel time spent in this place.
 C = Inter-level travel time spent in this place.
 D = Time resting spent in this place.
 E = Time spent auto-exploring this place.
 F = Levels seen in this place.
 G = Mean time per level.
                   A        B        C        D        E       F      G
               +--------+--------+--------+--------+--------+-----+--------+
         Total |   3020 |   2906 |    114 |    347 |   2202 |   3 | 1006.7 |
       Dungeon |   3020 |   2906 |    114 |    347 |   2202 |   3 | 1006.7 |
               +--------+--------+--------+--------+--------+-----+--------+

Top non-repeatable levels by time:
     D:2: 1595 daAuts
     D:1: 1105 daAuts
     D:3: 318 daAuts
